 Dungeon Crawl Stone Soup version 0.30-a0-377-g5cb311bc9f (webtiles) character file.

Game seed: 770009396141971750

51 bande the Covered (level 3, 0/24 HPs)
             Began as a Gargoyle Fighter on Nov 27, 2022.
             Slain by Natasha (3 damage)
             ... on level 2 of the Dungeon.
             The game lasted 00:01:13 (778 turns).

bande the Covered (Gargoyle Fighter)                 Turns: 778, Time: 00:01:14

Health: 0/24       AC: 10    Str: 19    XL:     3   Next: 83%
Magic:  0/3        EV:  9    Int:  8    God:
Gold:   105        SH:  4    Dex: 11    Spells: 2/2 levels left

rFire   . . .      SeeInvis .    a - +0 war axe
rCold   . . .      Faith    .    c - +0 buckler
rNeg    + . .      Spirit   +    b - +0 scale mail
rPois   ∞          Reflect  .    (no helmet)
rElec   +          Harm     .    (no cloak)
rCorr   .          Rampage  .    (no gloves)
Will    .....                    (no boots)
Stlth   ..........               g - amulet of guardian spirit
HPRegen 0.24/turn                f - ring of wizardry
MPRegen 0.08/turn                (no ring)

@: no status effects
A: sickness immunity, AC +3, negative energy resistance 1, electricity
resistance, torment resistance 1, petrification resistance
a: no special abilities


You were on level 2 of the Dungeon.
You visited 1 branch of the dungeon, and saw 2 of its levels.

You collected 105 gold pieces.

Inventory:

Hand Weapons
 a - a +0 war axe (weapon)
Missiles
 k - a throwing net (quivered)
Armour
 b - a +0 scale mail (worn)
 c - a +0 buckler (worn)
Jewellery
 f - a ring of wizardry (left hand)
 g - an amulet of guardian spirit (around neck)
Scrolls
 e - 3 scrolls of identify {unknown}
 j - a scroll of fog {unknown}
 l - a scroll of amnesia {unknown}
Potions
 d - a potion of might
 h - a potion of lignification {unknown}
 i - a potion of magic {unknown}


   Skills:
 + Level 3.7 Fighting
 + Level 2.1 Axes
 + Level 3.9 Armour
 + Level 3.9 Shields


You had 2 spell levels left.
You didn't know any spells.
Your spell library was empty.

Dungeon Overview and Level Annotations

Branches:
Dungeon (2/15)

Altars:

Annotations:
D:2 Natasha


Innate Abilities, Weirdness & Mutations

You are immune to sickness and miasma.
Your stone body is resilient. (AC +3)
You are immune to poison.
You resist negative energy. (rN+)
You are resistant to electric shocks. (rElec)
You are resistant to unholy torment.
You are immune to petrification.


Message History

Found a scroll labelled WEUCUI UXAO.
There are monsters nearby! 2 gnolls come into view.
Found a quarterstaff.
The gnoll shouts! x3
There is a large open door here.
Found a dagger.
You barely miss Natasha. Natasha claws you but does no damage.
Natasha closely misses you.
You closely miss Natasha.
Natasha stares at you and mumbles some strange words.
The magic dart hits you.
You hit the gnoll.
The gnoll is moderately wounded.
You closely miss the gnoll. You barely miss Natasha.
Natasha mewls in sadness.
You block Natasha's attack. You block the gnoll's attack. Natasha claws you.
You hit the gnoll.
The gnoll is lightly wounded.
You hit the gnoll. You hit Natasha but do no damage. Natasha claws you!
The gnoll hits you with a +0 whip.
* * * LOW HITPOINT WARNING * * *
The gnoll hits you but does no damage. x2
You are too injured to fight recklessly!
You are too injured to fight recklessly!
You are too injured to fight recklessly!
You are too injured to fight recklessly!
You are too injured to fight recklessly!
You are too injured to fight recklessly!
Unknown command.
You closely miss Natasha. You closely miss the gnoll.
You barely miss the gnoll. You hit the gnoll.
Natasha claws you but does no damage. The gnoll hits you with a +0 whip.
* * * LOW HITPOINT WARNING * * *
You block the gnoll's attack. The gnoll closely misses you.
You closely miss Natasha. You hit the gnoll but do no damage.
You hit the gnoll.
You kill the gnoll!
You barely miss the gnoll. Natasha claws you.
You die...

##...# ###....#
....)≈≈§≈§≈....
.....###
......≈≈§§..... ...#.#
.......≈≈...... .....#
.......§≈...... .....#
#)..§.§≈§...?.. .†...#
#....§≈≈.....# .....#
#..§gh.....#
....#########..g@....#
.....##.....####)'####
.....##...........#
.....##.........(##
....###..........#
.................#
...####..........#
............†....#
...####..........#


You could see Natasha and 2 gnolls.

Vanquished Creatures
  2 gnolls
  An adder (D:2)
  2 dart slugs
  4 endoplasms (D:1)
  A giant cockroach (D:2)
  A goblin (D:1)
  4 hobgoblins (D:1)
  A jackal (D:2)
  4 kobolds (D:2)
  2 quokkas (D:2)
  3 ball pythons
  A rat (D:2)
26 creatures vanquished.

Vanquished Creatures (others)
  A plant (D:2)
1 creature vanquished.

Grand Total: 27 creatures vanquished

Notes
Turn   | Place    | Note
-------+----------+-------------------------------------------
     0 | D:1      | bande the Gargoyle Fighter began the quest for the Orb.
     0 | D:1      | Reached XP level 1. HP: 14/14 MP: 1/1
    64 | D:1      | Reached XP level 2. HP: 16/19 MP: 2/2
   349 | D:1      | Reached XP level 3. HP: 23/23 MP: 1/3
   770 | D:2      | Noticed Natasha
   778 | D:2      | Slain by Natasha

Illustrated notes

Levels and vault maps discovered:
D:1:      dpeg_arrival_windows_large_door, layout_basic, minmay_tromino_v2
D:2:      minmay_spotlight, layout_rooms,
          dreamdust_ecumenical_altar_drowned_temple, kennysheep_cross_room,
          chequers_big_river, minivault_26, uniq_natasha

Skill      XL: |  1  2  3 |
---------------+----------+-----
Axes           | 2 |  2.1
Fighting       | |  3.7
Armour         | |  3.9
Shields        | |  3.9

Action                   || total
-------------------------++-------
Melee: War axe           ||    71
Armor: Scale mail        ||    53
Dodge: Dodged            ||    24
Block: Buckler           ||    22

Table legend: (Time is in decaauts)
 A = Elapsed time spent in this place.
 B = Non-inter-level travel time spent in this place.
 C = Inter-level travel time spent in this place.
 D = Time resting spent in this place.
 E = Time spent auto-exploring this place.
 F = Levels seen in this place.
 G = Mean time per level.
                   A        B        C        D        E       F      G
               +--------+--------+--------+--------+--------+-----+--------+
         Total |    809 |    809 |      0 |     50 |    561 |   2 |  404.5 |
       Dungeon |    809 |    809 |      0 |     50 |    561 |   2 |  404.5 |
               +--------+--------+--------+--------+--------+-----+--------+

Top non-repeatable levels by time:
     D:1: 571 daAuts
     D:2: 238 daAuts
